Map: Tours du crépuscule

Players

zidar

  • Race: Zerg Zerg
  • League: Silver
  • Spawn Location: 7:00

Bluffer - Winner!

  • Race: Protoss Protoss
  • League: Silver
  • Spawn Location: 1:00

VOD

Have the link to the VOD?

Description

Time

  • Played on: Jan. 12, 2016, 2:19 p.m.
  • Length: 14:07
Show
View Real Time Build Order
Export as new Build Order

zidar Zerg 

Build Orders: Hatch First 

Get SALT Encoding   

  12  0:01  Drone  
  13  0:12  Overlord  
  13  0:20  Drone  
  14  0:33  Drone x2  
  16  0:36  Drone  
  17  0:56  Hatchery  
  16  0:58  Drone  
  17  1:14  Spawning Pool  
  17  1:16  Drone  
  17  1:21  Extractor  
  17  1:22  Drone  
  18  1:25  Drone  
  18  1:56  Hatchery  
  17  2:05  Queen  
  17  2:08  Overlord  
  19  2:19  Queen  
  21  2:37  Drone x2  
  21  2:38  Drone x2  
  24  2:51  Queen  
  26  3:03  Zergling x2  
  26  3:04  Zergling x4  
  26  3:05  Zergling x2  
  30  3:13  Queen  
  32  3:22  Overlord  
  32  3:37  Overlord  
  32  3:38  Overlord  
  32  4:04  Zergling x4  
  32  4:05  Zergling x12  
  32  4:09  Metabolic Boost  
  40  4:25  Zergling x2  
  40  4:26  Zergling x12  
  47  4:36  Overlord  
  47  4:37  Overlord  
  47  4:43  Zergling x4  
  49  5:07  Roach Warren  
  49  5:11  Lair  
  48  5:15  Extractor  
  46  5:25  Zergling x2  
  46  5:26  Zergling x2  
  46  5:27  Zergling x10  
  52  5:38  Spore Crawler  
  22  6:27  Roach Warren  
  22  6:29  Drone x6  
  22  6:30  Drone x2  
  29  6:46  Overseer  
  20  7:33  Roach x8  
  29  7:52  Roach x2  
  27  8:21  Roach x3  
  33  8:33  Drone  
  33  8:34  Drone  
  35  8:36  Drone  
  36  8:44  Drone  
  37  8:50  Drone  
  37  8:54  Drone  
  39  8:59  Drone  
  40  9:03  Drone  
  40  9:29  Overseer  
  40  9:39  Zergling x2  
  40  9:40  Zergling x16  
  40  9:42  Zergling x2  
  40  9:45  Zergling x2  
  51  9:49  Zergling x2  
  52  10:05  Zergling x10  
  57  10:19  Drone x4  
  62  10:28  Drone  
  62  10:29  Drone x2  
  61  11:05  Queen  
  61  11:08  Queen  
  65  11:17  Hydralisk Den  
  64  11:20  Extractor  
  64  11:23  Extractor  
  64  11:24  Extractor, Drone x4  
  64  11:25  Drone  
  66  11:28  Overlord x3  
  66  11:29  Overlord  
  66  11:40  Pneumatized Carapace  
  66  12:09  Drone x15  
  81  12:24  Drone x4  
  85  12:47  Roach  
  85  12:48  Roach x5  
  82  13:03  Zergling x10  
  82  13:04  Zergling x12  
  50  13:23  Hydralisk  
  50  13:24  Hydralisk x4  
  52  13:33  Hydralisk  
  52  13:34  Hydralisk x2  
Show
View Real Time Build Order
Export as new Build Order

Bluffer Protoss - Winner!

Build Orders: Dark Templar Rush 

Get SALT Encoding   

  12  0:01  Probe (Chrono Boost)  
  13  0:12  Probe (Chrono Boost)  
  14  0:24  Pylon  
  14  0:28  Probe (Chrono Boost)  
  15  0:42  Probe (Chrono Boost)  
  16  0:45  Gateway  
  16  0:50  Assimilator  
  16  0:56  Probe (Chrono Boost)  
  17  1:03  Assimilator  
  17  1:06  Probe (Chrono Boost)  
  18  1:17  Probe (Chrono Boost)  
  19  1:25  Pylon  
  19  1:32  Pylon  
  19  1:40  Probe (Chrono Boost)  
  19  1:44  Pylon  
  20  1:51  Probe (Chrono Boost)  
  21  1:55  Cybernetics Core  
  22  2:01  Probe (Chrono Boost)  
  22  2:12  Probe (Chrono Boost)  
  23  2:22  Probe (Chrono Boost)  
  24  2:35  Stalker (Chrono Boost)  
  26  2:37  Warp Gate  
  26  2:53  Mothership Core, Twilight Council  
  28  3:07  Stalker (Chrono Boost)  
  30  3:13  Pylon  
  30  3:17  Probe  
  31  3:26  Gateway  
  31  3:45  Dark Shrine  
  31  3:54  Gateway  
  31  3:55  Gateway  
  31  4:08  Stalker (Chrono Boost)  
  35  4:25  Stalker (Chrono Boost)  
  35  4:58  Dark Templar  
  37  5:02  Dark Templar x2  
  41  5:15  Dark Templar  
  43  5:37  Stalker  
  43  5:38  Stalker  
  47  5:47  Pylon  
  47  5:53  Pylon  
  47  6:10  Stalker x2  
  45  6:15  Dark Templar  
  45  6:25  Stalker  
  47  6:45  Nexus  
  47  6:48  Assimilator  
  47  6:52  Assimilator  
  47  6:53  Dark Templar x2  
  49  7:51  Dark Templar x2  
  49  8:00  Probe  
  50  8:10  Probe  
  47  8:21  Probe, Stalker x2  
  52  8:29  Probe  
  52  8:31  Probe  
  54  8:37  Stalker x2  
  58  8:41  Probe  
  58  8:42  Probe  
  60  8:52  Pylon  
  60  8:54  Pylon  
  60  8:56  Pylon  
  60  9:02  Stargate  
  60  9:06  Stargate, Stalker  
  60  9:08  Stargate  
  62  9:39  Dark Templar x2  
  62  9:40  Dark Templar  
  68  9:57  Void Ray  
  72  10:07  Void Ray  
  76  10:19  Stalker x2  
  76  10:20  Stalker  
  82  10:33  Void Ray  
  80  10:44  Stalker  
  80  10:45  Stalker  
  84  11:02  Pylon  
  84  11:05  Pylon  
  84  11:09  Pylon  
  84  11:19  Void Ray  
  84  11:20  Void Ray  
  92  11:28  Sentry  
  92  11:30  Sentry  
  96  11:39  Sentry  
  98  11:59  Robotics Facility  
  98  12:00  Robotics Facility  
Tags
 
Add a new tag
Caveats
  • Supply blocks, unpowered buildings, or Contaminate may cause inaccurate times.
  • Supply counts are checked every 10 seconds.